 Dungeon Crawl Stone Soup version 0.29-a0-1047-g7c58e119a4 (webtiles) character file.

Game seed: 12154257996148782551

92 siradein the Trooper (level 4, -6/42 HPs)
             Began as a Hill Orc Monk on Aug 16, 2022.
             Mangled by Ijyb
             ... wielding a +6 dagger of electrocution
              (18 damage)
             ... on level 3 of the Dungeon.
             The game lasted 00:03:26 (1716 turns).

siradein the Trooper (Hill Orc Monk)                Turns: 1716, Time: 00:03:26

Health: -6/42      AC:  8    Str: 21    XL:     4   Next: 60%
Magic:  4/4        EV:  8    Int: 10    God:
Gold:   187        SH:  0    Dex: 13    Spells: 3/3 levels left

rFire   . . .      SeeInvis .   a - +0 spear
rCold   . . .      Faith    .   (no shield)
rNeg    . . .      Spirit   .   n - +0 chain mail
rPois   .          Reflect  .   (no helmet)
rElec   .          Harm     .   (no cloak)
rCorr   .          Rampage  .   (no gloves)
Will    .....                   (no boots)
Stlth   ..........              (no amulet)
HPRegen 0.14/turn               h - +6 ring of strength
MPRegen 0.09/turn               (no ring)

@: no status effects
A: no striking features
a: no special abilities


You were on level 3 of the Dungeon.
You visited 1 branch of the dungeon, and saw 3 of its levels.

You collected 187 gold pieces.

Inventory:

Hand Weapons
 a - a +0 spear (weapon)
 b - a +1 shortbow of freezing
Missiles
 l - a throwing net
Armour
 n - a +0 chain mail (worn)
Jewellery
 h - a +6 ring of strength (left hand)
Scrolls
 e - a scroll of enchant weapon {unknown}
 f - 4 scrolls of identify {unknown}
 k - a scroll of vulnerability {unknown}
 m - a scroll of teleportation {unknown}
Potions
 c - a potion of ambrosia
 d - 2 potions of lignification {unknown}
 g - a potion of attraction {unknown}
 j - a potion of curing {unknown}


   Skills:
 + Level 5.1 Fighting
 + Level 4.6 Polearms
 - Level 2.4 Dodging
 - Level 1.6 Stealth


You had 3 spell levels left.
You didn't know any spells.
Your spell library contained the following spells:

 Spells                   Type           Power      Damage    Failure   Level
 Necrotise                Necr           0%         1d4       99%         1
 Scorch                   Fire           0%         2d5       100%        2
 Ozocubu's Armour         Ice            0%         N/A       100%        3
 Vampiric Draining        Necr           0%         2d6       100%        3
 Flame Wave               Conj/Fire      0%         2d4       100%        4
 Agony                    Necr           0%         N/A       100%        5
 Summon Cactus Giant      Summ           0%         N/A       100%        6
 Ozocubu's Refrigeration  Ice            0%         4d7       100%        7


Dungeon Overview and Level Annotations

Branches:
Dungeon (3/15)

Altars:

Annotations:
D:2 1 runed translucent door, Crazy Yiuf
D:3 Ijyb


Message History

Found a short sword.
You see here a +0 short sword.
You pick up a book of Necromancy and begin reading...
You add the spells Necrotise, Vampiric Draining and Agony to your library.
As you open the door, it creaks loudly!
You hear an angry hiss.
Ijyb the Twisted Goblin comes into view.
She is wielding a +6 dagger of electrocution and carrying a wand of flame (9).
Ijyb shouts!
Ijyb is nearby!
Ijyb is nearby!
Ijyb is nearby!
You shoot an arrow. The arrow barely misses Ijyb.
Ijyb zaps a wand.
The puff of flame hits you.
You shoot an arrow. The arrow barely misses Ijyb.
You shoot an arrow. The arrow barely misses Ijyb.
Ijyb zaps a wand.
The puff of flame hits you.
You shoot an arrow. The arrow completely misses Ijyb.
Ijyb zaps a wand.
The puff of flame hits you.
Your +1 shortbow of freezing stops glowing.
a - a +0 spear (weapon)
A frilled lizard comes into view.
You barely miss Ijyb.
The frilled lizard hisses angrily.
You closely miss Ijyb. Ijyb hits you but does no damage.
You hit Ijyb.
Ijyb is lightly wounded.
Ijyb hits you but does no damage.
You hit Ijyb.
Ijyb is lightly wounded.
Ijyb barely misses you.
You closely miss Ijyb.
Ijyb is lightly wounded.
Ijyb hits you but does no damage.
You are electrocuted!
You are too injured to fight recklessly!
You are too injured to fight recklessly!
You hit Ijyb.
Ijyb is lightly wounded.
Ijyb hits you with a +6 dagger of electrocution.
* * * LOW HITPOINT WARNING * * *
You are electrocuted!!
You die...

#.#.#.#
#.#.#.#
#.#.#.#
#.#.#.#####
#.#.#)....#
#.#.#####.#
#.# #.# #.#
#.# #@# #.#
#g# #.# #l#
#.# #.# #.#
#.# #.# #.#
#.# #.# #.#
#.# #.# #.#


You could see Ijyb and a frilled lizard.

Vanquished Creatures
  3 gnolls
  2 adders (D:2)
  A worm (D:2)
  2 dart slugs (D:2)
  3 ball pythons
  5 endoplasms
  2 giant cockroaches (D:1)
  6 goblins
  3 hobgoblins
  A quokka (D:2)
  A bat (D:1)
  2 frilled lizards (D:1)
  2 kobolds (D:2)
  6 rats
39 creatures vanquished.

Vanquished Creatures (others)
  3 fungi (D:2)
3 creatures vanquished.

Grand Total: 42 creatures vanquished

Notes
Turn   | Place    | Note
-------+----------+-------------------------------------------
     0 | D:1      | siradein the Hill Orc Monk began the quest for the Orb.
     0 | D:1      | Reached XP level 1. HP: 19/19 MP: 1/1
   212 | D:1      | Reached XP level 2. HP: 27/27 MP: 2/2
   222 | D:1      | Reached skill level 4 in Fighting
   401 | D:1      | Found a faded altar of an unknown god.
   498 | D:2      | Reached XP level 3. HP: 34/34 MP: 3/3
   680 | D:2      | Reached XP level 4. HP: 37/41 MP: 4/4
  1069 | D:2      | Reached skill level 5 in Fighting
  1580 | D:2      | Found a runed translucent door.
  1581 | D:2      | Noticed Crazy Yiuf
  1705 | D:3      | Noticed Ijyb
  1716 | D:3      | Mangled by Ijyb

Illustrated notes

Levels and vault maps discovered:
D:1:      dpeg_arrival_castle, layout_rooms,
          shapermc_ecumenical_altar_flowoftime
D:2:      layout_loops_ring, kennysheep_nub, uniq_crazy_yiuf_cottage
D:3:      layout_basic, roderic_st_hans_cross, uniq_sigmund, uniq_ijyb

Skill      XL: |  1  2  3  4 |
---------------+-------------+-----
Fighting       | 4 5 |  5.1
Polearms       | 4 |  4.6
Dodging        | |  2.4
Stealth        | |  1.6

Action                   |  1- 3 |  4- 6 || total
-------------------------+-------+-------++-------
Melee: Spear             |    25 |    30 ||    55
 Fire: Shortbow          |    33 |    31 ||    64
Armor: Robe              |     4 |       ||     4
       Scale mail        |     3 |     4 ||     7
       Chain mail        |       |     3 ||     3
Dodge: Dodged            |    13 |     7 ||    20

Table legend: (Time is in decaauts)
 A = Elapsed time spent in this place.
 B = Non-inter-level travel time spent in this place.
 C = Inter-level travel time spent in this place.
 D = Time resting spent in this place.
 E = Time spent auto-exploring this place.
 F = Levels seen in this place.
 G = Mean time per level.
                   A        B        C        D        E       F      G
               +--------+--------+--------+--------+--------+-----+--------+
         Total |   1741 |   1665 |     76 |      0 |   1393 |   3 |  580.3 |
       Dungeon |   1741 |   1665 |     76 |      0 |   1393 |   3 |  580.3 |
               +--------+--------+--------+--------+--------+-----+--------+

Top non-repeatable levels by time:
     D:2: 1044 daAuts
     D:1: 610 daAuts
     D:3: 86 daAuts
